 Dungeon Crawl Stone Soup version 0.21.1-1-g345015f (webtiles) character file.

109 wojtek the Grave Robber (level 5, -3/26 (28) HPs)
             Began as a Kobold Necromancer on July 8, 2018.
             Slain by an ice beast (5 damage)
             ... on level 4 of the Dungeon.
             The game lasted 00:04:50 (3752 turns).

wojtek the Grave Robber (Kobold Necromancer)        Turns: 3752, Time: 00:04:50

HP:   -3/26 (28)    AC:  5    Str:  8    XL:     5   Next: 13%
MP:   1/8           EV: 15    Int: 18    God:
Gold: 177           SH:  0    Dex: 15    Spells: 3/8 levels left

rFire    . . .     SeeInvis .   a - +0 dagger (holy)
rCold    . . .     Gourm    .   (shield restricted)
rNeg     . . .     Faith    .   i - +0 robe
rPois    .         Spirit   .   (no helmet)
rElec    .         Reflect  .   (no cloak)
rCorr    .         Harm     .   p - +2 pair of gloves {Str+3}
MR       .....                  (no boots)
Stlth    ++........             (no amulet)
HPRegen  0.08/turn              (no ring)
MPRegen  0.11/turn              (no ring)

@: no status effects
A: small, carnivore
a: no special abilities


You were on level 4 of the Dungeon.
You were completely stuffed.

You visited 1 branch of the dungeon, and saw 4 of its levels.

You collected 177 gold pieces.

Inventory:

Hand Weapons
 a - a +0 dagger of holy wrath (weapon)
Missiles
 o - 2 throwing nets (quivered)
Armour
 i - a +0 robe (worn)
 p - a +2 pair of gloves of strength (worn)
Jewellery
 e - an uncursed ring of flight {unknown}
 s - an uncursed ring of flight {unknown}
Wands
 r - a wand of random effects (26)
Scrolls
 d - 4 scrolls of amnesia {unknown}
 f - 3 scrolls of remove curse {unknown}
 g - 6 scrolls of teleportation {unknown}
 k - a scroll of enchant armour {unknown}
 l - a scroll of magic mapping {unknown}
 m - 3 scrolls of identify {unknown}
 q - a scroll of blinking {unknown}
 t - a scroll of fear {unknown}
Potions
 h - a potion of heal wounds {unknown}
 j - a potion of might {unknown}
 n - a potion of haste {unknown}
 u - 2 potions of curing {unknown}
Books
 b - a book of Necromancy

   Spells                             Type                      Level
   a - Pain                           Necromancy                   1
   b - Animate Skeleton               Necromancy                   1
   c - Vampiric Draining              Necromancy                   3
   d - Regeneration                   Charms/Necromancy            3
   e - Animate Dead                   Necromancy                   4
   f - Borgnjor's Vile Clutch         Necromancy/Earth             5
Comestibles
 c - 9 rations


   Skills:
 - Level 2.4 Dodging
 - Level 2.6 Stealth
 - Level 2.1 Spellcasting
 + Level 6.1 Necromancy


You had 3 spell levels left.
You knew the following spells:

 Your Spells              Type           Power        Failure   Level  Hunger
a - Pain                  Necr           ###.         1%          1    #......
d - Animate Dead          Necr           N/A          14%         4    #####..


Dungeon Overview and Level Annotations

Branches:
Dungeon (4/15)
 Temple: D:4-7

Altars:
Elyvilon
Qazlal
Ru


Innate Abilities, Weirdness & Mutations

You are small and have problems with some larger weapons.
You are carnivorous and can eat meat at any time.


Message History

The ice beast barely resists.
The ice beast closely misses you.
Casting: Pain
Confirm with . or Enter, or press ? or * to list all spells.
You don't have enough magic to cast that spell.
Unknown command.
Casting: Pain
Confirm with . or Enter, or press ? or * to list all spells.
Aiming: Pain
Press: ? - help, Shift-Dir - straight line, f/p - ice beast
Aim: an ice beast (almost dead, chance to defeat MR: 83%)
The ice beast writhes in agony!
Casting: Pain
Confirm with . or Enter, or press ? or * to list all spells.
Aiming: Pain
Press: ? - help, Shift-Dir - straight line, f/p - ice beast
Aim: an ice beast (almost dead, chance to defeat MR: 83%)
The ice beast barely resists.
The ice beast hits you.
* * * LOW HITPOINT WARNING * * *
The ice beast freezes you.
You die...

#### ######### #..
#...Y@..###.####
#.#####.##.....#
#.#####.##..##......
#.##........# ##.#.
#<......###.#
#.##.##.# #...
#.......# #####
#.##.##.# #[......#


You could see an ice beast.

Vanquished Creatures
  An orc priest (D:3)
  3 gnolls (D:2)
  An ooze (D:3)
  A worm (D:3)
  4 orcs (D:3)
  A bat (D:3)
  2 giant cockroaches
  4 goblins
  6 hobgoblins
  6 kobolds
  A frilled lizard (D:3)
  13 rats
43 creatures vanquished.

Vanquished Creatures (others)
  A goblin (D:2)
  A rat (D:2)
2 creatures vanquished.

Grand Total: 45 creatures vanquished

Notes
Turn   | Place    | Note
-------+----------+-------------------------------------------
     0 | D:1      | wojtek the Kobold Necromancer began the quest for the Orb.
     0 | D:1      | Reached XP level 1. HP: 10/10 MP: 3/3
   567 | D:1      | Reached XP level 2. HP: 15/15 MP: 3/5
   898 | D:1      | You fall through a shaft!
  1553 | D:2      | Reached skill level 5 in Necromancy
  1553 | D:2      | Reached XP level 3. HP: 18/19 MP: 2/6
  2066 | D:2      | Found a stormy altar of Qazlal.
  2290 | D:2      | Reached XP level 4. HP: 20/24 MP: 2/7
  2373 | D:2      | Learned a level 4 spell: Animate Dead
  2417 | D:3      | Found a white marble altar of Elyvilon.
  2656 | D:3      | Found a sacrificial altar of Ru.
  3371 | D:3      | Reached skill level 6 in Necromancy
  3371 | D:3      | Reached XP level 5. HP: 18/26 MP: 3/8
  3725 | D:4      | Noticed an ice beast
  3752 | D:4      | Slain by an ice beast

Skill      XL: |  1  2  3  4 |
---------------+-------------+-----
Necromancy     | 5 6 |  6.1
Dodging        | |  2.4
Stealth        | |  2.6
Spellcasting   | |  2.1

Action                   |  1- 3 |  4- 6 || total
-------------------------+-------+-------++-------
Melee: Dagger            |    28 |     6 ||    34
 Cast: Pain              |    43 |    48 ||    91
       Animate Dead      |       |     3 ||     3
 Stab: Sleeping          |     1 |     2 ||     3
  Eat: Chunk             |    13 |     6 ||    19
Armor: Robe              |     4 |     6 ||    10
Dodge: Dodged            |    30 |    10 ||    40
